 Dungeon Crawl Stone Soup version 0.27-a0-887-gcab673c142 (webtiles) character file.

Game seed: 11968730158078746339

70 mhtbhm the Shield-Bearer (level 4, 0/40 HPs)
             Began as a Minotaur Fighter on Apr 3, 2021.
             Succumbed to a goblin's poison
             ... on level 2 of the Dungeon.
             The game lasted 00:01:36 (1280 turns).

mhtbhm the Shield-Bearer (Minotaur Fighter)         Turns: 1280, Time: 00:01:37

Health: 0/40       AC: 11    Str: 22    XL:     4   Next: 4%
Magic:  3/3        EV:  7    Int:  7    God:
Gold:   48         SH:  9    Dex:  9    Spells: 3/3 levels left

rFire    . . .     SeeInvis .   a - +0 war axe
rCold    . . .     Faith    .   c - +0 kite shield
rNeg     . . .     Spirit   .   b - +0 scale mail
rPois    .         Reflect  .   (helmet restricted)
rElec    .         Harm     .   (no cloak)
rCorr    .         Rampage  .   (no gloves)
Will     .....                  (no boots)
Stlth    ..........             (no amulet)
HPRegen  1.13/turn              e - +4 ring of protection
MPRegen  0.08/turn              (no ring)

@: mighty, lethally poisoned (0 -> -2)
A: horns 2, retaliatory headbutt, clever 1, regeneration 1, MP-powered wands
a: no special abilities


You were on level 2 of the Dungeon.
You visited 1 branch of the dungeon, and saw 2 of its levels.

You collected 48 gold pieces.

Inventory:

Hand Weapons
 a - a +0 war axe (weapon)
Armour
 b - a +0 scale mail (worn)
 c - a +0 kite shield (worn)
Jewellery
 e - a +4 ring of protection (left hand)
 i - an amulet of faith
Wands
 f - a wand of iceblast (5)
Scrolls
 h - 2 scrolls of identify {unknown}


   Skills:
 + Level 4.2 Fighting
 + Level 3.6 Axes
 + Level 4.1 Armour
 + Level 0.3 Dodging
 + Level 0.2 Stealth
 + Level 4.2 Shields


You had 3 spell levels left.
You didn't know any spells.
Your spell library contained the following spells:

 Spells                   Type           Power      Damage    Failure   Level
 Beastly Appendage        Tmut           0%         N/A       99%         1
 Wereblood                Tmut           0%         N/A       100%        2
 Spider Form              Tmut/Pois      0%         N/A       100%        3
 Ice Form                 Ice/Tmut       0%         N/A       100%        4
 Hydra Form               Tmut           0%         N/A       100%        5


Dungeon Overview and Level Annotations

Branches:
Dungeon (2/15)

Altars:

Annotations:
D:2 Robin


Innate Abilities, Weirdness & Mutations

You have a pair of horns on your head.
You reflexively headbutt those who attack you in melee.
Your mind is acute. (Int +2)
Your natural rate of healing is unusually fast.
You expend magic power (3 MP) to strengthen your wands.


Message History

The goblin completely misses you. You block the goblin's attack.
A goblin comes into view. It is wielding a +0 club.
The hobgoblin hits you.
* * * LOW HITPOINT WARNING * * *
The goblin hits you but does no damage.
You barely miss the goblin. You headbutt the goblin.
You kill the goblin!
You barely miss the goblin. You closely miss the goblin. You slash the goblin!
You kill the goblin!
You slash the hobgoblin!
You kill the hobgoblin!
You barely miss the goblin.
* * * LOW HITPOINT WARNING * * *
You feel very sick.
Robin roars a battlecry!
The goblin goes into a battle-frenzy!
The goblin hits you but does no damage. x2; You block the goblin's attack. x2
The goblin hits you but does no damage.
You hear an angry hiss.
You have reached level 4!
You feel stronger.
You slash the hobgoblin!
You kill the hobgoblin!
Your shield prevents you from hitting the goblin.
You closely miss the goblin. You hit the goblin.
You kill the goblin!
* * * LOW HITPOINT WARNING * * *
You feel very sick.
A ball python comes into view.
The goblin hits you but does no damage. Robin throws the goblin at you!
The goblin barely misses you. The goblin completely misses you.
You block the goblin's attack.
Unknown command.
You hit the goblin.
You kill the goblin!
You slash the goblin!
You kill the goblin!
You hit the goblin.
You kill the goblin!
You die...

.......# ##.....## #.#
.......# #8.8###+### #.#
.......# #'##.....# #.#
#'###### #........# #.#
#.# #........# ###.###
#.# ####........#
#...... #.#
#...........# #.#.###
#.##########...))).....#
#.#..
...........†....@)g....#
# #.#.
.###########....)_...gS.
#...# .........#
#...#####.##. #.. #
########.# #...# # #..
......##.# #...# #...
#####.##.##....'
......##.##....#.
########.##.##.#.# #.#


You could see Robin, a hobgoblin (strong) and a ball python.

Vanquished Creatures
  2 adders (D:2)
  A worm (D:2)
  3 dart slugs (D:2)
  2 bats (D:2)
  4 endoplasms
  5 giant cockroaches (D:2)
  11 goblins (D:2)
  5 hobgoblins (D:2)
  2 quokkas
  3 ball pythons (D:2)
  A frilled lizard (D:2)
  2 kobolds
  A rat (D:2)
42 creatures vanquished.

Notes
Turn   | Place    | Note
-------+----------+-------------------------------------------
     0 | D:1      | mhtbhm the Minotaur Fighter began the quest for the Orb.
     0 | D:1      | Reached XP level 1. HP: 19/19 MP: 0/0
   220 | D:1      | You fall into a shaft and drop 1 floor!
   239 | D:2      | Reached XP level 2. HP: 27/27 MP: 1/1
   689 | D:2      | Reached XP level 3. HP: 29/33 MP: 2/2
  1252 | D:2      | Found a faded altar of an unknown god.
  1274 | D:2      | Noticed Robin
  1276 | D:2      | Gained mutation: Your mind is acute. (Int +2) [potion of
                  | mutation]
  1276 | D:2      | Gained mutation: Your natural rate of healing is unusually
                  | fast. [potion of mutation]
  1276 | D:2      | Gained mutation: You expend magic power (3 MP) to
                  | strengthen your wands. [potion of mutation]
  1279 | D:2      | Reached XP level 4. HP: 3/40 MP: 3/3
  1279 | D:2      | HP: 1/40 [poisoned by a goblin]
  1280 | D:2      | Succumbed to a goblin's poison

Illustrated notes

Levels and vault maps discovered:
D:1:      onia_arrival_handbag, layout_loops_cross, minmay_lizard_king
D:2:      minmay_chambers_of_ones, layout_basic, basic_ecumenical_altar,
          dk_noncrumbling_4, uniq_robin

Skill      XL: |  1  2  3 |
---------------+----------+-----
Shields        | 4 |  4.2
Armour         | 4 |  4.1
Fighting       | 4 |  4.2
Axes           | 3 |  3.6
Dodging        | |  0.3
Stealth        | |  0.2

Action                   |  1- 3 |  4- 6 || total
-------------------------+-------+-------++-------
Melee: War axe           |    84 |     2 ||    86
       Headbutt          |    12 |       ||    12
  Use: Potion            |     2 |       ||     2
Armor: Scale mail        |    54 |     2 ||    56
Dodge: Dodged            |    32 |     2 ||    34
Block: Kite shield       |    58 |     1 ||    59

Table legend: (Time is in decaauts)
 A = Elapsed time spent in this place.
 B = Non-inter-level travel time spent in this place.
 C = Inter-level travel time spent in this place.
 D = Time resting spent in this place.
 E = Time spent auto-exploring this place.
 F = Levels seen in this place.
 G = Mean time per level.
                   A        B        C        D        E       F      G
               +--------+--------+--------+--------+--------+-----+--------+
         Total |   1329 |   1329 |      0 |      0 |   1086 |   2 |  664.5 |
       Dungeon |   1329 |   1329 |      0 |      0 |   1086 |   2 |  664.5 |
               +--------+--------+--------+--------+--------+-----+--------+

Top non-repeatable levels by time:
     D:2: 1104 daAuts
     D:1: 225 daAuts
